 Dungeon Sprint DCSS version 0.17.0-27-g4a3f43e (webtiles) character file.

3978 kosy22 the Blocker (level 10, 0/108 HPs)
             Began as a Gargoyle Fighter on Nov 21, 2015.
             Killed from afar by a black draconian (1 damage)
             ... with a bolt of lightning
             ... in the Dungeon (Sprint V: "Ziggurat Sprint").
             The game lasted 00:06:45 (508 turns).

kosy22 the Blocker (Gargoyle Fighter)                Turns: 508, Time: 00:06:46

Health: 0/108      AC: 29    Str: 43    XL:     10   Next: 22%
Magic:  10/11      EV:  5    Int:  9    God:
Gold:   0          SH: 26    Dex:  9    Spells: 0 memorised, 9 levels left

rFire  . . .     SeeInvis +     O - +14 obsidian axe {chop, +Fly Str+3 SInv *Curse} (curse)
rCold  . . .     Clarity  .     m - +5 crystal plate armour
rNeg   + . .     SustAt   .     l - +3 large shield
rPois  ∞         Gourm    .     (no helmet)
rElec  +         Spirit   .     (no cloak)
rCorr  .         Warding  .     (no gloves)
rMut   .         NoTele   +     (no boots)
MR     .....                    (no amulet)
Stlth  ..........               G - +6 ring of strength
                                F - +6 ring of strength

@: berserking (expiring), corroded equipment, mesmerised, very quick, not
resistant to hostile enchantments, extremely unstealthy
A: negative energy resistance 1, electricity resistance, unbreathing,
petrification resistance, rot immunity, AC +7
a: Evoke Flight


You were in the Dungeon.
You were not hungry.

You visited 1 branch

Inventory:

Hand Weapons
 a - a +0 war axe
 M - a +5 triple sword
 N - a +5 quick blade
 O - the cursed +14 obsidian axe (weapon) {chop, +Fly Str+3 SInv *Curse}
   (You found it in the Dungeon)

   It inflicts extra damage upon your enemies.
   It affects your strength (+3).
   It lets you see invisible.
   It lets you fly.
   It may re-curse itself when equipped.
   It has a curse placed upon it.
Armour
 b - a +0 scale mail
 c - a +0 shield
 l - a +3 large shield (worn)
 m - a +5 crystal plate armour (worn)
Jewellery
 B - a +6 ring of dexterity
 C - a +6 ring of dexterity
 D - a +6 ring of intelligence
 E - a +6 ring of intelligence
 F - a +6 ring of strength (left hand)
 G - a +6 ring of strength (right hand)
 H - an uncursed ring of flight
 R - the amulet of the Air {Inacc +Fly rElec EV+5 RMsl}
   (You found it in the Dungeon)

   [amulet of inaccuracy]

   It reduces the accuracy of all your attacks.
   It affects your evasion (+5).
   It insulates you from electricity.
   It lets you fly.
   It protects you from missiles.
Wands
 I - a wand of disintegration (7)
 J - a wand of fire (5)
 K - a wand of cold (5)
 L - a wand of draining (5)
Scrolls
 k - 4 scrolls of blinking
 s - 4 scrolls of amnesia
 t - 3 scrolls of recharging
 u - 7 scrolls of fog
 v - a scroll of holy word
 w - 5 scrolls of identify
 x - 4 scrolls of remove curse
 y - 2 scrolls of fear
Potions
 d - 6 potions of might
 f - 10 potions of curing
 g - 9 potions of heal wounds
 h - 6 potions of haste
 i - 7 potions of magic
 j - 2 potions of berserk rage
 n - 2 potions of brilliance
 o - 2 potions of invisibility
 p - 4 potions of resistance
 q - a potion of experience
 r - 6 potions of agility
Miscellaneous
 P - a disc of storms
 Q - a box of beasts {used: 1}
Comestibles
 e - 5 bread rations
 z - 42 fruits
 A - 4 meat rations


   Skills:
 + Level 12.8 Fighting
 + Level 10.7 Axes
 + Level 11.7 Armour
 + Level 14.3 Shields
 + Level 1.3 Evocations


You had 9 spell levels left.
You didn't know any spells.

Dungeon Overview and Level Annotations

Branches:
Dungeon (1/1)

Altars:
Ashenzari
Cheibriados
Dithmenos
Elyvilon
Fedhas
Gozag
Kikubaaqudgha
Makhleb
Nemelex Xobeh
Okawaru
Qazlal
Ru
Sif Muna
Trog
Vehumet
Xom
Yredelemnul
Zin
The Shining One
Beogh
Jiyva
Lugonu


Innate Abilities, Weirdness & Mutations

You are resistant to torment.
Your stone body is resilient (AC +7).
You are immune to poison.
You resist negative energy.
You are resistant to electric shocks.
You can survive without breathing.
You are immune to petrification.
You are immune to rotting.


Message History

The acid burns!
* * * LOW HITPOINT WARNING * * *
Unknown command.
Unknown command.
Unknown command.
Unknown command.
Unknown command.
You slice the yellow draconian!!
You are no longer entranced.
You kill the yellow draconian!
Your Axes skill increases to level 10!
Your Shields skill increases to level 14!
You have reached level 10!
You slash the draconian!
You kill the draconian!
Visions of slaying the black draconian flood into your mind.
Your neqoxec gestures.
The black draconian breathes lightning at you.
The bolt of lightning hits you! You resist.
You die...

▓........▓...†....▓
▓▓▓▓▓▓▓▓▓▓▓▓▓▓▓▓▓▓▓
▓..8©8..▓ ▓..:[:..▓
▓..)[=..▓ ▓.......▓
▓...5d..▓ ▓..3))..▓
▓..)@3..▓ ▓.▓.5.▓.▓
▓.....4.▓ ▓▓▓▓▓▓▓▓▓


You could see a black draconian, a hellwing, a friendly ice devil, a friendly
neqoxec, a friendly iron imp and a friendly quasit.

Vanquished Creatures
  A green draconian (D)
  A yellow draconian (D)
  3 draconians (D)
  2 spriggans (D)
  2 wolves (D)
  A black bear (D)
  2 necrophages (D)
  A giant frog (D)
  3 quasits (D)
  A sheep (D)
  2 white imps (D)
  A bat zombie (D)
  A jackal (D)
21 creatures vanquished.

Vanquished Creatures (collateral kills)
  A spriggan (D)
  A crimson imp (D)
2 creatures vanquished.

Grand Total: 23 creatures vanquished

Notes
Turn   | Place    | Note
--------------------------------------------------------------
     0 | D        | kosy22 the Gargoyle Fighter began the quest for the Orb.
     0 | D        | Reached XP level 1. HP: 14/14 MP: 1/1
     0 | D        | Found a roughly hewn altar of Beogh.
     0 | D        | Found a viscous altar of Jiyva.
     0 | D        | Found a corrupted altar of Lugonu.
     0 | D        | Found a white marble altar of Elyvilon.
     0 | D        | Found a sparkling altar of Nemelex Xobeh.
     4 | D        | Found an iron altar of Okawaru.
     4 | D        | Found a radiant altar of Vehumet.
     4 | D        | Found a shimmering altar of Xom.
     4 | D        | Found a burning altar of Makhleb.
    36 | D        | Found a deep blue altar of Sif Muna.
    40 | D        | Found a bloodstained altar of Trog.
   157 | D        | Entered arena 1.
   157 | D        | Noticed a quasit
   157 | D        | Noticed a quasit
   160 | D        | Killed a quasit
   160 | D        | Reached skill level 4 in Fighting
   160 | D        | Reached skill level 5 in Armour
   160 | D        | Reached XP level 2. HP: 13/20 MP: 2/2
   160 | D        | Reached XP level 3. HP: 16/25 MP: 3/3
   161 | D        | Killed a quasit
   161 | D        | Reached skill level 5 in Fighting
   161 | D        | Reached skill level 5 in Shields
   161 | D        | Reached XP level 4. HP: 19/31 MP: 4/4
   169 | D        | Entered arena 2.
   169 | D        | Noticed a necrophage
   169 | D        | Noticed a necrophage
   175 | D        | Killed a necrophage
   175 | D        | Reached skill level 6 in Fighting
   175 | D        | Reached XP level 5. HP: 20/37 MP: 5/5
   176 | D        | Killed a necrophage
   176 | D        | Reached skill level 7 in Fighting
   176 | D        | Reached XP level 6. HP: 22/44 MP: 6/6
   185 | D        | Entered arena 3.
   185 | D        | Noticed a crimson imp
   185 | D        | Noticed a quasit
   187 | D        | Killed a quasit
   187 | D        | Reached skill level 8 in Fighting
   189 | D        | Killed a crimson imp
   428 | D        | Entered arena 4.
   428 | D        | Noticed a wolf
   428 | D        | Noticed a giant frog
   432 | D        | Noticed a neqoxec
   434 | D        | Killed a giant frog
   434 | D        | Reached skill level 5 in Axes
   434 | D        | Reached skill level 9 in Shields
   435 | D        | Killed a wolf
   435 | D        | Reached XP level 7. HP: 45/51 MP: 7/7
   471 | D        | Entered arena 5.
   471 | D        | Noticed a black bear
   471 | D        | Noticed a spriggan
   471 | D        | Noticed a spriggan
   471 | D        | Noticed a spriggan
   471 | D        | Noticed a wolf
   476 | D        | Killed a spriggan
   477 | D        | Killed a wolf
   477 | D        | Reached skill level 10 in Fighting
   477 | D        | Reached skill level 10 in Shields
   477 | D        | Killed a spriggan
   477 | D        | Reached skill level 10 in Armour
   479 | D        | Killed a black bear
   479 | D        | Reached XP level 8. HP: 43/58 MP: 8/8
   484 | D        | Killed a spriggan
   484 | D        | Reached skill level 11 in Shields
   494 | D        | Entered arena 6.
   494 | D        | Noticed a black draconian
   494 | D        | Noticed a yellow draconian
   494 | D        | Noticed a draconian
   494 | D        | Noticed a draconian
   494 | D        | Noticed a draconian
   494 | D        | Noticed a green draconian
   499 | D        | Noticed a sun demon
   503 | D        | Killed a draconian
   506 | D        | Killed a green draconian
   506 | D        | Reached skill level 13 in Shields
   506 | D        | Reached skill level 1 in Evocations
   506 | D        | Reached XP level 9. HP: 8/65 MP: 9/9
   507 | D        | Killed a draconian
   507 | D        | Noticed a hellwing
   507 | D        | HP: 1/97 [acid (7)]
   508 | D        | Killed a yellow draconian
   508 | D        | Reached skill level 10 in Axes
   508 | D        | Reached skill level 14 in Shields
   508 | D        | Reached XP level 10. HP: 1/72 MP: 10/10
   508 | D        | Killed a draconian
   508 | D        | Killed from afar by a black draconian

Action                   |  1- 3 |  4- 6 |  7- 9 | 10-12 || total
-------------------------+-------+-------+-------+-------++-------
Melee: Broad axe         |     3 |    15 |    20 |       ||    38
Evoke: Box of beasts     |       |       |     1 |       ||     1
  Use: Scroll            |     1 |       |       |       ||     1
       Potion            |       |       |     2 |       ||     2
